 Dungeon Crawl Stone Soup version 0.31-a0-234-gad7ace16ef (webtiles) character file.

Game seed: 10896481644281100353

15 Nattfarinn the Stinger (level 2, 0/15 HPs)
             Began as a Gargoyle Venom Mage on July 10, 2023.
             Slain by a worm (9 damage)
             ... on level 2 of the Dungeon.
             The game lasted 00:01:09 (990 turns).

Nattfarinn the Stinger (Gargoyle Venom Mage)         Turns: 990, Time: 00:01:10

Health: 0/15       AC:  4    Str: 11    XL:     2   Next: 50%
Magic:  5/5        EV: 11    Int: 15    God:
Gold:   44         SH:  0    Dex: 10    Spells: 4/5 levels left

rFire   . . .        l - +0 hand axe (flame)
rCold   . . .        (no shield)
rNeg    + . .        a - +0 robe
rPois   ∞            (no helmet)
rElec   +            (no cloak)
rCorr   .            (no gloves)
SInv    .            (no boots)
Will    .....        (no amulet)
Stlth   ++           (no ring)
HPRegen 0.22/turn    (no ring)
MPRegen 0.09/turn

%: no passive effects
@: no status effects
A: sickness immunity, AC +2, negative energy resistance 1, electricity
resistance, torment resistance 1, petrification resistance
a: no special abilities


You were on level 2 of the Dungeon.
You visited 1 branch of the dungeon, and saw 2 of its levels.

You collected 44 gold pieces.

Inventory:

Hand Weapons
 e - a +0 rapier
 l - a +0 hand axe of flaming (weapon)
Armour
 a - a +0 robe (worn)
Scrolls
 f - 2 scrolls of teleportation {unknown}
 i - a scroll of identify {unknown}
 j - a scroll of fear {unknown}
 k - a scroll of brand weapon {unknown}
 m - a scroll of butterflies {unknown}
 n - a scroll of revelation {unknown}
Potions
 b - a potion of magic
 c - 2 potions of brilliance {unknown}
 d - a potion of haste {unknown}
 g - a potion of enlightenment {unknown}
 h - a potion of heal wounds {unknown}


   Skills:
 - Level 1.5 Dodging
 - Level 2.1 Stealth
 - Level 2.0 Spellcasting
 - Level 0.7 Transmutations
 + Level 3.8 Poison Magic


You had 4 spell levels left.
You knew the following spells:

 Your Spells              Type           Power      Damage    Failure   Level
a - Sting                 Tmut/Pois      32%        1d4       9%          1

Your spell library contained the following spells:

 Spells                   Type           Power      Damage    Failure   Level
 Poisonous Vapours        Pois/Air       14%        N/A       16%         2
 Mephitic Cloud           Conj/Pois/Air  5%         N/A       36%         3
 Olgreb's Toxic Radiance  Pois           13%        N/A       41%         4


Dungeon Overview and Level Annotations

Branches:
Dungeon (2/15)

Altars:


Innate Abilities, Weirdness & Mutations

You are immune to sickness and miasma.
Your stone body is resilient. (AC +2)
You are immune to poison.
You resist negative energy. (rN+)
You are resistant to electric shocks. (rElec)
You are resistant to unholy torment.
You are immune to petrification.


Message History

You open the door.
There is an open door here.
There is an open door here.
There is an open door here.
Done exploring.
Done exploring.
Done exploring.
Key pressed, stopping explore.
Done exploring.
Done exploring.
(D) Dungeon
Where to? (Enter - D:1 @ (x,y), ? - help)
There is a stone staircase leading down here.
You climb downwards.
There is a stone staircase leading up here.
You now have 37 gold pieces (gained 15).
Found a stone staircase leading down.
Found a whip.
n - a scroll labelled APY YDIOTH You see here a +0 whip.
f - 2 scrolls labelled XATSYBL HOAMP (gained 1)
You now have 44 gold pieces (gained 7).
A worm comes into view.
A worm is nearby!
You hit the worm. You burn the worm.
The worm is moderately wounded.
The worm bites you!
You hit the worm. You burn the worm.
The worm is heavily wounded.
You hit the worm. You burn the worm.
The worm is severely wounded.
The worm bites you.
You are too injured to fight recklessly!
You are too injured to fight recklessly!
You are too injured to fight recklessly!
You hit the worm. You burn the worm.
The worm is almost dead.
The worm bites you!
Ouch! That really hurt!
You die...

## .. #.
#.
#.#######
#...w@..#
######.##
#.# ####
#.# ..#
#.# #.#
#.#
#.####.#
#.#
#......#
#.#
##..#####
#.#


You could see a worm.

Vanquished Creatures
  3 bats (D:1)
  3 endoplasms (D:1)
  2 goblins (D:1)
  4 ball pythons (D:1)
  A frilled lizard (D:1)
  A kobold (D:1)
14 creatures vanquished.

Notes
Turn   | Place    | Note
-------+----------+-------------------------------------------
     0 | D:1      | Nattfarinn the Gargoyle Venom Mage began the quest for the
                  | Orb.
     0 | D:1      | Reached XP level 1. HP: 10/10 MP: 3/3
   295 | D:1      | Reached XP level 2. HP: 15/15 MP: 0/5
   990 | D:2      | Slain by a worm

Illustrated notes

Levels and vault maps discovered:
D:1:      matt_arrival_los_fun, layout_loops_cross, st_stairs_8
D:2:      layout_basic, basic_altar, corexii_corridor_pit, minmay_heptomino_d4,
          uniq_robin

Action                     || total
---------------------------++-------
  Melee: Rapier            ||    12
         Hand axe          ||     6
   Cast: Sting             ||    17
   Stab: Sleeping          ||     1
 Armour: Robe              ||    10
  Dodge: Dodged            ||    16

Table legend: (Time is in decaauts)
 A = Elapsed time spent in this place.
 B = Non-inter-level travel time spent in this place.
 C = Inter-level travel time spent in this place.
 D = Time resting spent in this place.
 E = Time spent auto-exploring this place.
 F = Levels seen in this place.
 G = Mean time per level.
                   A        B        C        D        E       F      G
               +--------+--------+--------+--------+--------+-----+--------+
         Total |    992 |    984 |      8 |      0 |    859 |   2 |  496.0 |
       Dungeon |    992 |    984 |      8 |      0 |    859 |   2 |  496.0 |
               +--------+--------+--------+--------+--------+-----+--------+

Top non-repeatable levels by time:
     D:1: 871 daAuts
     D:2: 121 daAuts
